 Dungeon Crawl Stone Soup version 0.23-a0-586-gacb4b3f4ce (webtiles) character file.

2473 Flugkiller the Spear-Bearer (level 9, -15/85 HPs)
             Began as an Octopode Chaos Knight on Dec 19, 2018.
             Was a Plaything of Xom.
             Demolished by a warg (17 damage)
             ... on level 7 of the Dungeon.
             The game lasted 00:15:26 (8369 turns).

Flugkiller the Spear-Bearer (Octopode Chaos Knight) Turns: 8369, Time: 00:15:39

Health: -15/85     AC: 24    Str: 15    XL:     9   Next: 51%
Magic:  10/10      EV:  2    Int: 16    God:    Xom [.*....]
Gold:   422        SH:  0    Dex: 17    Spells: 8/8 levels left

rFire    . . .     SeeInvis .   a - +0 spear (chaos)
rCold    . . .     Gourm    .   (no shield)
rNeg     + + +     Faith    .   (no amulet)
rPois    +         Spirit   .   c - ring of poison resistance
rElec    .         Reflect  .   r - ring of resist corrosion
rCorr    +         Harm     .   (no ring)
MR       +++..     Clarity  +   (no ring) Stlth ++........NoTele +
                                (no ring)
HPRegen  0.24/turn              (no ring)
MPRegen  0.12/turn              (no ring)
                                (no ring)

@: tree-form, hasted, very quick
A: almost no armour, stealthy swim, (amphibious), 8 rings, (constrict 8),
repulsion field 1, agile 1, clarity, clever 1, frail 1, magic resistance 3,
strong 2
a: Renounce Religion


You were on level 7 of the Dungeon.
You worshipped Xom.
You were a plaything of Xom.
You were hungry.
You were a tree.
You visited 1 branch of the dungeon, and saw 7 of its levels.
You also visited: Sewer and Ossuary.

You collected 487 gold pieces.
You spent 65 gold pieces at shops.

Inventory:

Hand Weapons
 a - a +0 spear of chaos (weapon)
 s - the +10 flail of Kiroef {elec, +Blink +Rage, unknown}
   (You found it on level 5 of the Dungeon)

   Occasionally, upon striking a foe, it will discharge some electrical energy
   and cause terrible harm.
   It lets you blink.
   It lets you go berserk.
Jewellery
 c - a ring of poison resistance (left branch)
   (You found it on level 4 of the Dungeon)
 r - a ring of resist corrosion (right branch)
   (You found it on level 4 of the Dungeon)
Wands
 d - a wand of iceblast (2)
   (You took it off Ijyb on level 4 of the Dungeon)
 o - a wand of polymorph (8)
   (You found it on level 4 of the Dungeon)
 B - a wand of paralysis (3)
   (You found it on level 7 of the Dungeon)
Scrolls
 e - a scroll of immolation {unknown}
 f - 2 scrolls of amnesia
 k - a scroll of random uselessness {unknown}
 m - 2 scrolls of remove curse
 n - 2 scrolls of enchant weapon
 q - 2 scrolls of teleportation
 y - a scroll of enchant armour
 A - a scroll of blinking {unknown}
Potions
 g - 2 potions of mutation
 h - 2 potions of resistance
 i - a potion of agility
 p - a potion of degeneration {unknown}
 t - a potion of curing
 u - 4 potions of brilliance
 v - a potion of haste
 w - a potion of lignification
 z - a potion of ambrosia {unknown}
Comestibles
 b - 13 rations


   Skills:
 - Level 7.4 Fighting
 + Level 9.2 Polearms
 + Level 5.9 Dodging
 + Level 2.4 Evocations


You had 8 spell levels left.
You didn't know any spells.
Your spell library contained the following spells:

 Spells                   Type           Power        Failure   Level  Hunger
 Summon Small Mammal      Summ           #...         26%         1    ##.....
 Call Imp                 Summ           #.......     36%         2    ###....
 Call Canine Familiar     Summ           #.......     58%         3    ####...
 Summon Guardian Golem    Hex/Summ       #.......     58%         3    ####...
 Summon Ice Beast         Ice/Summ       #.......     94%         4    #####..
 Summon Lightning Spire   Summ/Air       #.......     94%         4    #####..


Dungeon Overview and Level Annotations

Branches:
Dungeon (7/15)             Temple (0/1) D:5

Altars:
Ashenzari
Elyvilon
Fedhas
Gozag
Hepliaklqana
Makhleb
Nemelex Xobeh
Sif Muna
Uskayaw
Vehumet
Xom

Shops:
D:4 ?   D:5 (

Annotations:
D:3 3 runed doors, temitten's ghost, amateur NaFi
D:4 exclusion: ogre


Innate Abilities, Weirdness & Mutations

You cannot wear most types of armour.
You are very stealthy in the water. (Stealth+)
((You are amphibious.))
You can wear up to eight rings at the same time.
((You can use your tentacles to constrict eight enemies at once.))
((Your skin changes colour to match your surroundings (Stealth+).))
((Your rubbery body absorbs attacks. (AC +1, EV +1)))
((You have a pair of large antennae on your head. (SInv)))
((One of your tentacles bears a nasty spike.))
You are surrounded by a mild repulsion field. (EV +2)
((You are partially covered in slimy green scales. (AC +2)))
((You are partially covered in thin metallic scales. (AC +2)))
You are agile. (Dex +2)
You possess an exceptional clarity of mind.
Your mind is acute. (Int +2)
((Your flesh is heat resistant. (rF+)))
You are frail. (-10% HP)
You are extremely resistant to the effects of hostile enchantments. (MR+++)
Your muscles are very strong. (Str +4)


Message History

The warg is moderately wounded.
Your shadow imp barely misses the warg.
Your shadow imp gestures at the warg.
The warg writhes in agony!
The warg bites your shadow imp.
Unknown command.
You hit the warg but do no damage.
Wisps of condensation drift from the warg's front paws.
The warg is heavily wounded.
The warg bites you!
* * * LOW HITPOINT WARNING * * *
Your shadow imp hits the warg.
Your shadow imp barely misses the warg.
Unknown command.
You barely miss the warg.
The warg is heavily wounded.
The warg bites you but does no damage.
Unknown command.
You hit the warg.
The warg flickers and vanishes!
Deactivating autopickup; reactivate with Ctrl-A.
Something bites you.
* * * LOW HITPOINT WARNING * * *
Your shadow imp barely misses something. x2
Something bites you!
* * * LOW HITPOINT WARNING * * *
You feel better. Something bites you but does no damage.
Your shadow imp gestures at your shadow imp.
Your shadow imp barely misses something.
Something bites your shadow imp!!
Your shadow imp dies!
You hear a howl!
Unknown command.
You feel better. Something bites you.
* * * LOW HITPOINT WARNING * * *
Your shadow imp misses something.
Something bites you.
* * * LOW HITPOINT WARNING * * *
You feel yourself speed up. Something bites you but does no damage.
Your shadow imp gestures at something.
You feel better. Something bites your shadow imp!!
Your shadow imp dies!
Something bites you!
* * * LOW HITPOINT WARNING * * *
Xom thinks this is hilarious!
You emit a cloud of colourful smoke!
You closely miss something.
Unknown command.
You hit something but do no damage.
Space warps horribly around something!
Something bites you but does no damage.
Unknown command.
You closely miss something. Something bites you!
You die...
Xom cackles wildly!

........#.....#........#..##...##
##......#.....#..>.....#..##...##
.#......#.....#........#........#
.########.....#........)..{{{o..'
.#......#.....#........#...##..##
###.....#.....#........#...###'##
..#.....#.....#........'...#.....
.((.....+.....#§§{§....#...#.....
..#(.))##.....#§♣§.....#...'.....
..#....##.....##§##....#..#######
..#.....'.........#....#..# ...
..#.....#.........'....#..# ...
..#.....#.....##..#....#..# ..
..#....##.....###'#<...#..# .
..#######.....##..#....#..#
..#...<##.[...##..'....#..#
..#............'..#....#


There were no monsters in sight!

Vanquished Creatures
  A fire bat (D:7)
  An ice beast (D:7)
  A swamp drake (D:6)
  2 sky beasts
  A phantom (D:5)
  2 ogres
  2 centaurs (D:5)
  A crocodile (Sewer)
  A big kobold (D:7)
  A bullfrog (D:7)
  Blork the orc (D:4)
  6 killer bees (D:7)
  4 orc priests
  3 centaur zombies (Ossuary)
  2 human zombies (Ossuary)
  An orc wizard (D:7)
  2 quasits (D:6)
  2 hounds
  A jelly (D:5)
  4 worker ants
  Ijyb (D:4)
  2 mummies (Ossuary)
  A hound skeleton (D:6)
  Robin (D:3)
  4 gnolls (D:6)
  7 adders
  An ooze (shapeshifter) (D:6)
  An ooze (D:2)
  An adder zombie (Ossuary)
  5 worms
  A dart slug (D:2)
  A worm (shapeshifter) (D:6)
  10 leopard geckos
  7 orcs
  10 giant cockroaches
  11 goblins
  6 hobgoblins
  10 jackals
  6 quokkas
  2 ball pythons
  6 bats
  5 frilled lizards
  A goblin zombie (Ossuary)
  11 hobgoblin zombies (Ossuary)
  A jackal zombie (Ossuary)
  13 kobolds
  9 kobold zombies (Ossuary)
  8 orc zombies (Ossuary)
  11 rats
  A rat zombie (Ossuary)
193 creatures vanquished.

Vanquished Creatures (collateral kills)
  A centaur (D:7)
  A bullfrog zombie (D:7)
  A killer bee zombie (D:7)
  A kobold (D:7)
4 creatures vanquished.

Vanquished Creatures (others)
  A sky beast (D:7)
1 creature vanquished.

Grand Total: 198 creatures vanquished

Notes
Turn   | Place    | Note
-------+----------+-------------------------------------------
     0 | D:1      | Flugkiller the Octopode Chaos Knight began the quest for
                  | the Orb.
     0 | D:1      | Reached XP level 1. HP: 16/16 MP: 1/1
    46 | D:1      | XOM: divination: detect creatures
   138 | D:1      | XOM: divination: detect creatures
   317 | D:1      | XOM: cloud trail
   378 | D:1      | Reached XP level 2. HP: 21/21 MP: 2/2
   528 | D:1      | XOM: 2-stop teleportation journey
   556 | D:1      | XOM: 2-stop teleportation journey
   826 | D:2      | XOM: cloud trail
  1005 | D:1      | XOM: scenery: create altars
  1023 | D:2      | Reached XP level 3. HP: 20/26 MP: 3/3
  1101 | D:2      | Found a white marble altar of Elyvilon.
  1204 | D:2      | XOM: god gift: ration
  1306 | D:2      | Reached skill level 4 in Polearms
  1306 | D:2      | Reached XP level 4. HP: 33/33 MP: 4/4
  1312 | D:2      | XOM: 7-stop teleportation journey
  1581 | D:2      | Found a hide-covered altar of Uskayaw.
  1581 | D:2      | Found a deep blue altar of Sif Muna.
  1583 | D:2      | Found a shattered altar of Ashenzari.
  1611 | D:2      | XOM: smoke on damage
  1612 | D:2      | XOM: confuse monster(s)
  1728 | D:2      | XOM: give mutations
  1728 | D:2      | Gained mutation: You are agile. (Dex +2) [Xom's grace]
  1728 | D:2      | Gained mutation: Your mind is acute. (Int +2) [Xom's grace]
  1771 | D:3      | XOM: noise
  1941 | D:3      | Noticed Robin
  1973 | D:3      | Killed Robin
  2077 | D:3      | Reached XP level 5. HP: 33/38 MP: 5/5
  2254 | D:3      | XOM: harmless Chrm miscast
  2683 | D:3      | Found a blossoming altar of Fedhas.
  2683 | D:3      | Found a radiant altar of Vehumet.
  2737 | D:3      | Noticed temitten's ghost (amateur NaFi)
  2773 | D:3      | XOM: 2-stop teleportation journey
  2862 | D:3      | Found a runed gate.
  2862 | D:3      | Found a runed gate.
  2862 | D:3      | Found a runed gate.
  2903 | D:3      | XOM: harmless Ice miscast
  3001 | D:4      | Found Qeitymis's Magic Scroll Boutique.
  3042 | D:4      | Bought a scroll of teleportation for 39 gold pieces
  3042 | D:4      | Bought a scroll of identify for 26 gold pieces
  3072 | D:4      | XOM: summons 2 hostile demons
  3083 | D:4      | Noticed an ogre
  3090 | D:4      | XOM: silly message
  3101 | D:4      | XOM: 2-stop teleportation journey
  3102 | D:4      | Noticed Ijyb
  3110 | D:4      | Killed Ijyb
  3110 | D:4      | Reached skill level 5 in Polearms
  3137 | D:4      | XOM: give mutations
  3137 | D:4      | Gained mutation: Your muscles are strong. (Str +2) [Xom's
                  | grace]
  3137 | D:4      | Gained mutation: One of your tentacles bears a spike.
                  | [Xom's grace]
  3242 | D:4      | Noticed Blork the orc
  3259 | D:4      | XOM: butterfly on damage
  3260 | D:4      | Killed Blork the orc
  3260 | D:4      | Reached skill level 5 in Fighting
  3260 | D:4      | Reached XP level 6. HP: 15/45 MP: 6/6
  3367 | D:4      | Found a glowing drain.
  3387 | Sewer    | Entered a sewer
  3615 | Sewer    | Reached XP level 7. HP: 51/51 MP: 7/7
  3617 | Sewer    | XOM: 2-stop teleportation journey
  3705 | D:4      | XOM: severe Fire miscast
  3978 | D:4      | Found a burning altar of Makhleb.
  3986 | D:4      | Reached skill level 6 in Polearms
  4170 | D:4      | XOM: scenery: create altars
  4290 | D:5      | Entered Level 5 of the Dungeon
  4300 | D:5      | XOM: fog
  4497 | D:5      | Found a staircase to the Ecumenical Temple.
  4698 | D:5      | XOM: 2-stop teleportation journey
  4916 | D:5      | XOM: give mutations
  4916 | D:5      | Gained mutation: You are resistant to hostile enchantments.
                  | (MR+) [Xom's mischief]
  4916 | D:5      | Gained mutation: You are frail. (-10% HP) [Xom's mischief]
  4932 | D:5      | XOM: summons 1 hostile demon
  5006 | D:5      | Got a twisted flail
  5033 | D:5      | XOM: summons 5 friendly demons
  5170 | D:5      | Found Goisyxta's Antique Weapon Emporium.
  5409 | D:6      | XOM: god gift: chain mail {god gift}
  5419 | D:6      | Found a sand-covered staircase.
  5481 | D:6      | Reached XP level 8. HP: 46/52 MP: 8/8
  5575 | D:6      | Reached skill level 7 in Polearms
  5622 | Ossuary  | Entered an ossuary
  5687 | Ossuary  | XOM: give mutations
  5687 | Ossuary  | Gained mutation: You are surrounded by a mild repulsion
                  | field. (EV +2) [Xom's grace]
  5687 | Ossuary  | Gained mutation: You have a pair of small antennae on your
                  | head. [Xom's grace]
  5687 | Ossuary  | Gained mutation: You are highly resistant to hostile
                  | enchantments. (MR++) [Xom's grace]
  5687 | Ossuary  | Gained mutation: You have a pair of antennae on your head.
                  | [Xom's grace]
  5735 | Ossuary  | XOM: 2-stop teleportation journey
  5963 | Ossuary  | XOM: medium Hex miscast
  6218 | D:6      | XOM: god gift: 30 gold pieces
  6301 | D:6      | XOM: 6-stop teleportation journey
  6313 | D:6      | XOM: polymorph bullfrog -> centaur
  6537 | D:6      | XOM: give mutations
  6537 | D:6      | Gained mutation: You possess an exceptional clarity of
                  | mind. [Xom's grace]
  6537 | D:6      | Gained mutation: You have a pair of large antennae on your
                  | head. (SInv) [Xom's grace]
  6537 | D:6      | Gained mutation: You are extremely resistant to the effects
                  | of hostile enchantments. (MR+++) [Xom's grace]
  6537 | D:6      | Gained mutation: You are partially covered in slimy green
                  | scales. (AC +2) [Xom's grace]
  6678 | D:6      | XOM: god gift: 26 stones
  7078 | D:6      | Reached skill level 8 in Polearms
  7245 | D:7      | XOM: confuse monster(s)
  7523 | D:7      | Reached XP level 9. HP: 44/57 MP: 9/9
  7607 | D:7      | Found an opulent altar of Gozag.
  7608 | D:7      | Found a hazy altar of Hepliaklqana.
  7610 | D:7      | Found a sparkling altar of Nemelex Xobeh.
  7616 | D:7      | Reached skill level 5 in Dodging
  7772 | D:7      | XOM: cloud trail
  7797 | D:7      | XOM: scenery: 1 doors open, 1 doors close
  7803 | D:7      | XOM: give mutations
  7803 | D:7      | Gained mutation: Your flesh is heat resistant. (rF+) [Xom's
                  | grace]
  7803 | D:7      | Gained mutation: One of your tentacles bears a nasty spike.
                  | [Xom's grace]
  7803 | D:7      | Gained mutation: Your muscles are very strong. (Str +4)
                  | [Xom's grace]
  7803 | D:7      | Gained mutation: You are partially covered in thin metallic
                  | scales. (AC +2) [Xom's grace]
  7816 | D:7      | Reached skill level 9 in Polearms
  7818 | D:7      | XOM: polymorph ogre -> fire bat
  7826 | D:7      | Reached skill level 1 in Evocations
  7998 | D:7      | XOM: god gift: 23 arrows
  8026 | D:7      | XOM: scenery: 1 doors close
  8082 | D:7      | XOM: severe Erth miscast
  8347 | D:7      | XOM: summons 2 friendly demons
  8366 | D:7      | HP: 2/85 [something (17)]
  8366 | D:7      | XOM: smoke on damage
  8369 | D:7      | Demolished by a warg

Vault maps used:
D:1:      mrwooster_arrival_statue_3
D:2:      gammafunk_temple_overflow_forgotten, st_stairs_9,
          kennysheep_another_room, minmay_misc_feat_rugged,
          nrook_mini_backslash, elyvilon_altar_4
D:3:      gammafunk_temple_overflow_wave, gammafunk_ghost_icy, uniq_robin
D:4:      makhleb_blood_cavern_becter, serial_shops,
          nicolae_shop_window_shopping, gup_sewer_entry_pipe, solitary_fountain,
          grunt_decor_cap, uniq_ijyb, uniq_blork_the_orc
D:5:      minmay_temple_entry_mini_moons, serial_shops, nicolae_shop_trees,
          first_ration, minmay_manual_mares
D:6:      nicolae_ossuary_entry_false_entrances
D:7:      grunt_temple_overflow_open
Sewer:    sewer_the_crocodile
Ossuary:  ossuary_tomb_1

Skill      XL: |  1  2  3  4  5  6  7  8  9 |
---------------+----------------------------+-----
Fighting       | 4 5 6 7 |  7.4
Polearms       | 4 5 6 8 9 |  9.2
Dodging        | 4 5 |  5.9
Evocations     | 2 |  2.4

Action                   |  1- 3 |  4- 6 |  7- 9 || total
-------------------------+-------+-------+-------++-------
Melee: Spear             |    84 |   158 |   323 ||   565
       Constrict         |    16 |    41 |    50 ||   107
       Tentacles         |     8 |    29 |    65 ||   102
       Kick              |       |     9 |   100 ||   109
Evoke: Wand              |       |     5 |     5 ||    10
  Use: Scroll            |       |     7 |     9 ||    16
       Potion            |       |     2 |     6 ||     8
 Stab: Sleeping          |    11 |    10 |     5 ||    26
       Distracted        |     1 |       |     3 ||     4
       Confused          |       |       |     3 ||     3
       Paralysed         |       |       |     2 ||     2
       Petrifying        |       |       |     1 ||     1
  Eat: Chunk             |     1 |     7 |     8 ||    16
       Ration            |       |       |     2 ||     2
Armor: Skin              |     3 |     7 |    77 ||    87
Dodge: Dodged            |    24 |    64 |   137 ||   225

Table legend:
 A = Non-vault XP
 B = Vault XP
 C = Vault XP percentage of total XP
 D = Non-vault monster count
 E = Vault monster count
 F = Vault count percentage of total count
                 A         B        C        D         E       F
            +---------+---------+-------+---------+---------+-------
      Total |    2687 |     847 |  24.0 |     128 |      70 |  35.4
            +---------+---------+-------+---------+---------+-------
        D:1 |      32 |       0 |   0.0 |      17 |       0 |   0.0
        D:2 |      75 |       4 |   5.1 |      23 |       3 |  11.5
        D:3 |     114 |      30 |  20.8 |      28 |       9 |  24.3
        D:4 |     181 |     188 |  50.9 |       8 |      11 |  57.9
        D:5 |     162 |     218 |  57.4 |       5 |       2 |  28.6
        D:6 |     651 |       0 |   0.0 |      21 |       0 |   0.0
        D:7 |    1472 |       0 |   0.0 |      26 |       0 |   0.0
      Sewer |       0 |     110 | 100.0 |       0 |       6 | 100.0
    Ossuary |       0 |     297 | 100.0 |       0 |      39 | 100.0
            +---------+---------+-------+---------+---------+-------
